 Dungeon Crawl Stone Soup version 0.29-a0-477-g62b78b4225 (webtiles) character file.

Game seed: 4165388723377047749

7 lesaewzxc the Vexing (level 2, 0/16 HPs)
             Began as a Kobold Arcane Marksman on May 24, 2022.
             Slain by a goblin
             ... wielding a +0 club
              (3 damage)
             ... on level 1 of the Dungeon.
             The game lasted 00:03:02 (504 turns).

lesaewzxc the Vexing (Kobold Arcane Marksman)        Turns: 504, Time: 00:03:02

Health: 0/16       AC:  2    Str:  7    XL:     2   Next: 10%
Magic:  3/3        EV: 15    Int: 14    God:
Gold:   29         SH:  0    Dex: 15    Spells: 2/3 levels left

rFire   . . .      SeeInvis .   a - +0 hand crossbow
rCold   . . .      Faith    .   (no shield)
rNeg    . . .      Spirit   .   b - +0 robe
rPois   .          Reflect  .   (no helmet)
rElec   .          Harm     .   (no cloak)
rCorr   .          Rampage  .   (no gloves)
Will    .....                   (no boots)
Stlth   ++........              (no amulet)
HPRegen 0.05/turn               (no ring)
MPRegen 0.08/turn               (no ring)

@: no status effects
A: small, no large weapons, nightstalker 3
a: no special abilities


You were on level 1 of the Dungeon.
You visited 1 branch of the dungeon, and saw 1 of its levels.

You collected 29 gold pieces.

Inventory:

Hand Weapons
 a - a +0 hand crossbow (weapon)
Armour
 b - a +0 robe (worn)
Scrolls
 c - a scroll of vulnerability
 d - a scroll of magic mapping


   Skills:
 + Level 1.3 Fighting
 + Level 2.9 Crossbows
 + Level 2.6 Dodging
 + Level 1.3 Spellcasting
 + Level 3.1 Hexes


You had 2 spell levels left.
You knew the following spells:

 Your Spells              Type           Power      Damage    Failure   Level
a - Slow                  Hex            36%        N/A       7%          1

Your spell library contained the following spells:

 Spells                   Type           Power      Damage    Failure   Level
 Inner Flame              Hex/Fire       5%         N/A       38%         3
 Portal Projectile        Hex/Tloc       10%        N/A       38%         3
 Cause Fear               Hex            4%         N/A       56%         4


Dungeon Overview and Level Annotations

Branches:
Dungeon (1/15)

Altars:


Innate Abilities, Weirdness & Mutations

You are small and have problems with some larger weapons.
You are completely attuned to the shadows.


Message History

[Y]es or [N]o only, please.
Really attack while wielding your +0 hand crossbow?
You closely miss the goblin. The goblin misses you.
You clumsily bash the goblin but do no damage.
The goblin misses you. x2
You closely miss the goblin. The goblin closely misses you.
You barely miss the goblin. The goblin closely misses you.
The goblin barely misses you.
You closely miss the goblin. The goblin barely misses you.
You clumsily bash the goblin but do no damage.
The goblin completely misses you. The goblin misses you.
You clumsily bash the goblin but do no damage.
The goblin barely misses you.
You closely miss the goblin. The goblin completely misses you.
The goblin barely misses you.
You barely miss the goblin. The goblin closely misses you.
You barely miss the goblin. The goblin hits you with a +0 club.
The goblin misses you.
You clumsily bash the goblin but do no damage.
The goblin hits you with a +0 club.
You closely miss the goblin. The goblin barely misses you.
The goblin hits you with a +0 club.
You completely miss the goblin. The goblin misses you.
You clumsily bash the goblin but do no damage.
The goblin barely misses you. The goblin misses you.
You clumsily bash the goblin but do no damage.
The goblin misses you.
You miss the goblin. The goblin misses you. The goblin hits you with a +0 club.
* * * LOW HITPOINT WARNING * * *
You clumsily bash the goblin but do no damage.
The goblin barely misses you.
You clumsily bash the goblin but do no damage.
The goblin misses you. The goblin completely misses you.
You barely miss the goblin. The goblin misses you.
You clumsily bash the goblin but do no damage.
The goblin closely misses you. The goblin barely misses you.
You closely miss the goblin. The goblin barely misses you.
You clumsily bash the goblin but do no damage.
The goblin hits you with a +0 club.
You die...

,,,,,,,,,,* *,******* #....
,,,,,,,,,,* *,* #.... ,,,,,,,,,,*
*,* #.... ,,,,,,,,,,* *,* #....
,,,,,,,,,,* *,* #.... *******,***
*,* #.... *,* **####+## #....
*******,* *,.....)# #....
,,,,,,,,***,....@g###########....
,,,,,,,,,,,,......'..............
,***,,,,,,,,......###########....
,,,*,,,,,,,,......#*****#####.###
,,,*,*******####...,,,,,.........
,,,+,,,,,,,,,,,....,,,,,########.
,,,*,****************,***,,,,,,##
,,,*,* *,* *,,**,,* ,,,*,* *,*
*,,**,,*


You could see a goblin.

Vanquished Creatures
  2 endoplasms (D:1)
  2 goblins (D:1)
  A hobgoblin (D:1)
  A jackal (D:1)
6 creatures vanquished.

Notes
Turn   | Place    | Note
-------+----------+-------------------------------------------
     0 | D:1      | lesaewzxc the Kobold Arcane Marksman began the quest for
                  | the Orb.
     0 | D:1      | Reached XP level 1. HP: 12/12 MP: 2/2
   242 | D:1      | Reached XP level 2. HP: 16/16 MP: 3/3
   504 | D:1      | Slain by a goblin

Illustrated notes

Levels and vault maps discovered:
D:1:      amcnicky_arrival_wind_blow, layout_basic, st_stairs_4

Action                   || total
-------------------------++-------
Melee: Hand crossbow     ||    22
 Fire: Hand crossbow     ||    19
  Use: Scroll            ||     2
Armor: Robe              ||     3
Dodge: Dodged            ||    35

Table legend: (Time is in decaauts)
 A = Elapsed time spent in this place.
 B = Non-inter-level travel time spent in this place.
 C = Inter-level travel time spent in this place.
 D = Time resting spent in this place.
 E = Time spent auto-exploring this place.
 F = Levels seen in this place.
 G = Mean time per level.
                   A        B        C        D        E       F      G
               +--------+--------+--------+--------+--------+-----+--------+
         Total |    521 |    462 |     59 |      0 |    223 |   1 |  521.0 |
       Dungeon |    521 |    462 |     59 |      0 |    223 |   1 |  521.0 |
               +--------+--------+--------+--------+--------+-----+--------+

Top non-repeatable levels by time:
     D:1: 521 daAuts
